 Dungeon Crawl Stone Soup version 0.28-a0-1143-gcf6077d4cc (webtiles) character file.

Game seed: 11571457525229605185

39 ytrimaz the Insei (level 3, 0/23 HPs)
             Began as an Octopode Transmuter on Dec 13, 2021.
             Slain by a giant cockroach (1 damage)
             ... on level 2 of the Dungeon.
             The game lasted 00:01:05 (1959 turns).

ytrimaz the Insei (Octopode Transmuter)             Turns: 1959, Time: 00:01:06

Health: 0/23       AC:  1    Str:  9    XL:     3   Next: 45%
Magic:  5/6        EV: 13    Int: 17    God:
Gold:   57         SH:  0    Dex: 12    Spells: 0/6 levels left

rFire   . . .      SeeInvis .     - Unarmed
rCold   . . .      Faith    .   (no shield)
rNeg    . . .      Spirit   .   (helmet currently unavailable)
rPois   .          Reflect  .   (no amulet)
rElec   .          Harm     .   (no ring)
rCorr   .          Rampage  .   (no ring)
Will    .....                   (no ring)
Stlth   ++........              (no ring)
HPRegen 0.07/turn               (no ring)
MPRegen 0.10/turn               (no ring)
                                (no ring)
                                (no ring)

@: lethally poisoned (0 -> -10), appendages, invisible
A: tentacle spike 3, almost no armour, amphibious, 8 rings, camouflage 1,
gelatinous body 1, (nimble swimmer 1), tentacles
a: End Transformation


You were on level 2 of the Dungeon.
One of your tentacles had grown a beastly spike.
You visited 1 branch of the dungeon, and saw 2 of its levels.

You collected 57 gold pieces.

Inventory:

Potions
 a - a potion of invisibility
 b - 2 potions of mutation {unknown}
 c - a potion of haste {unknown}
 d - a potion of heal wounds {unknown}


   Skills:
 * Level 1.5 Fighting
 - Level 2.0 Dodging
 + Level 3.6 Unarmed Combat
 * Level 2.4 Spellcasting
 * Level 2.3 Transmutations


You couldn't memorise any spells.
You knew the following spells:

 Your Spells              Type           Power      Damage    Failure   Level
a - Beastly Appendage     Tmut           20%        N/A       7%          1
b - Wereblood             Tmut           10%        N/A       11%         2
c - Spider Form           Tmut/Pois      6%         N/A       34%         3

Your spell library contained the following spells:

 Spells                   Type           Power      Damage    Failure   Level
 Ice Form                 Ice/Tmut       6%         N/A       75%         4


Dungeon Overview and Level Annotations

Branches:
Dungeon (2/15)

Altars:


Innate Abilities, Weirdness & Mutations

One of your tentacles has grown a beastly spike.
You cannot wear most types of armour.
You are amphibious.
You can wear up to eight rings at the same time.
Your skin changes colour to match your surroundings (Stealth+).
Your rubbery body absorbs attacks. (AC +1, EV +1)
((You are camouflaged near water. (Stealth+)))
You have tentacles for arms and can constrict up to eight enemies at once.


Message History

You tentacle-slap the goblin.
You kill the goblin!
Things that are here:
a +0 club; a goblin corpse No target in view!
Your transformation is almost over.
Your tentacle spike disappears.
An adder comes into view.
An adder is nearby!
Unknown command.
An adder is nearby!
An adder is nearby!
An adder is nearby!
The adder hisses angrily.
The adder bites you.
A giant cockroach comes into view.
You miss the adder. Your grab misses the adder. The adder misses you.
You barely miss the adder. You grab the adder.
You constrict the adder, but do no damage.
The adder bites you.
You are poisoned.
The adder poisons you!
One of your tentacles grows a vicious spike.
You constrict the adder.
You feel sick. The adder barely misses you. The giant cockroach bites you.
The adder bites you.
You tentacle-slap the adder.
You pierce the adder.
The adder is severely wounded.
You constrict the adder.
You feel sick. The giant cockroach bites you. The adder bites you.
* * * LOW HITPOINT WARNING * * *
You are more poisoned.
The adder poisons you!
It was a potion of invisibility.
You fade into invisibility!
You constrict the adder.
You kill the adder!
* * * LOW HITPOINT WARNING * * *
You feel very sick. The giant cockroach bites you.
You die...

#####.#.#.##.#
##....####.
#.........##.#
##.### #.
#.###........#
#.# #.
#####.#### #.#
## #####.# #+#
#.....# #
#.###.# #
##.B# # #..@#
###
.......†...+
+..
........####
### .#####...
#. #.## #. #.
#. #. ## #.


You could see a giant cockroach.

Vanquished Creatures
  An adder (D:2)
  2 worms (D:2)
  2 dart slugs
  A bat (D:1)
  4 endoplasms
  A giant cockroach (D:1)
  3 hobgoblins
  2 kobolds (D:1)
  2 ball pythons (D:2)
  7 goblins
  2 rats (D:1)
27 creatures vanquished.

Notes
Turn   | Place    | Note
-------+----------+-------------------------------------------
     0 | D:1      | ytrimaz the Octopode Transmuter began the quest for the
                  | Orb.
     0 | D:1      | Reached XP level 1. HP: 13/13 MP: 3/3
   313 | D:1      | Reached XP level 2. HP: 13/18 MP: 5/5
   323 | D:1      | Learned a level 2 spell: Wereblood
  1234 | D:1      | Reached XP level 3. HP: 23/23 MP: 6/6
  1238 | D:1      | Learned a level 3 spell: Spider Form
  1670 | D:2      | Found a faded altar of an unknown god.
  1959 | D:2      | HP: 1/23 [poisoned by an adder]
  1959 | D:2      | Slain by a giant cockroach

Illustrated notes

Levels and vault maps discovered:
D:1:      dpeg_arrival_simpleton_c, layout_basic, kennysheep_pointless_box
D:2:      layout_loops_corners, ebering_ecumenical_altar_sacrificial, uniq_robin

Action                   || total
-------------------------++-------
Melee: Unarmed           ||    51
       Tentacles         ||    10
       Constrict         ||    15
       Kick              ||     9
       Punch             ||     2
 Cast: Beastly Appendage ||    10
  Use: Scroll            ||     1
       Potion            ||     1
 Stab: Sleeping          ||     4
Dodge: Dodged            ||    22

Table legend: (Time is in decaauts)
 A = Elapsed time spent in this place.
 B = Non-inter-level travel time spent in this place.
 C = Inter-level travel time spent in this place.
 D = Time resting spent in this place.
 E = Time spent auto-exploring this place.
 F = Levels seen in this place.
 G = Mean time per level.
                   A        B        C        D        E       F      G
               +--------+--------+--------+--------+--------+-----+--------+
         Total |   1956 |   1951 |      5 |      0 |   1745 |   2 |  978.0 |
       Dungeon |   1956 |   1951 |      5 |      0 |   1745 |   2 |  978.0 |
               +--------+--------+--------+--------+--------+-----+--------+

Top non-repeatable levels by time:
     D:1: 1242 daAuts
     D:2: 713 daAuts
